 Dungeon Crawl Stone Soup version 0.27-a0-1278-g6cbc8dfb29 (console) character file.

Game seed: 16086862441882085012

589116 jejorda2 the Phalangite (level 27, -1/227 HPs)
             Began as a Merfolk Berserker on June 11, 2021.
             Was the Champion of Trog.
             Slain by a slime creature (14 damage)
             ... on level 3 of the Pits of Slime on June 12, 2021.
             The game lasted 03:24:00 (73964 turns).

jejorda2 the Phalangite (Merfolk Berserker)        Turns: 73964, Time: 03:24:01

Health: -1/227     AC: 40    Str: 24    XL:     27
Magic:  20/20      EV: 20    Int: 14    God:    Trog [******]
Gold:   7615       SH:  0    Dex: 17    Spells: 26/26 levels left

rFire    + . .     SeeInvis .   a - +8 glaive {elec, spectral, AC+5}
rCold    + + +     Faith    +   (shield currently unavailable)
rNeg     . . .     Spirit   .   p - +7 chain mail "Vihisul" {+Blink rElec Slay+6}
rPois    +         Reflect  .   h - +2 helmet
rElec    +         Harm     .   u - scarf {shadows}
rCorr    +         Rampage  .   t - +2 pair of gloves {Dex+3}
Will     +++++                  T - +0 pair of boots of the Iron Devil {rC+ Int+3}
Stlth    ..........             L - amulet "Quxeun" {Faith rC+ rCorr}
HPRegen  1.47/turn              n - ring of Tuduc {Wiz rF+ rC+ Int+3}
MPRegen  0.17/turn              X - ring of poison resistance

@: strong-willed, regenerating, studying Bows
A: (nimble swimmer 2), mertail, iridescent scales 2, low mp 1, strong-willed 1,
weak 2, MP-powered wands
}: 3/15 runes: decaying, serpentine, silver
a: Renounce Religion, Evoke Blink, Berserk, Trog's Hand, Brothers in Arms


You were on level 3 of the Pits of Slime.
You worshipped Trog.
Trog was exalted by your worship.
You visited 9 branches of the dungeon, and saw 47 of its levels.
You also visited: Trove, Bailey and Ice Cave.

You collected 10542 gold pieces.
You spent 2927 gold pieces at shops.

Inventory:

Hand Weapons
 a - the +8 glaive of the Guard (weapon) {elec, spectral, AC+5}
   (You found it on level 10 of the Dungeon)

   Occasionally, upon striking a foe, it can discharge electrical energy and
   cause terrible harm.
   When it strikes, its spirit leaps out and fights alongside the wielder.
   It affects your AC (+5).
 b - a +5 halberd of flaming
 w - a +2 antimagic glaive
Missiles
 d - 11 javelins
 g - 8 datura-tipped darts
 m - 146 boomerangs (quivered)
 o - 2 throwing nets
 q - 6 silver javelins
 Z - 19 curare-tipped darts
Armour
 h - a +2 helmet (worn)
 p - the +7 chain mail "Vihisul" (worn) {+Blink rElec Slay+6}
   (You found it on level 3 of the Elven Halls)

   It affects your accuracy and damage with ranged weapons and melee attacks
   (+6).
   It insulates you from electricity.
   It lets you blink.
 t - a +2 pair of gloves of dexterity (worn)
 u - a scarf of shadows (worn)
 T - the +0 pair of boots of the Iron Devil (worn) {rC+ Int+3}
   (You bought it in a shop on level 2 of the Orcish Mines)

   It affects your intelligence (+3).
   It protects you from cold.
Jewellery
 n - the ring of Tuduc (left hand) {Wiz rF+ rC+ Int+3}
   (You found it on level 5 of the Vaults)

   [ring of wizardry]

   It improves your spell success rate.
   It affects your intelligence (+3).
   It protects you from fire.
   It protects you from cold.
 L - the amulet "Quxeun" (around neck) {Faith rC+ rCorr}
   (You acquired it on level 3 of the Lair of Beasts)

   [amulet of faith]

   It allows you to gain divine favour quickly.
   It protects you from cold.
   It protects you from acid and corrosion.
 R - a ring of flight
 X - a ring of poison resistance (right hand)
Wands
 j - a wand of acid (10)
 r - a wand of polymorph (8)
 C - a wand of iceblast (33)
 D - a wand of paralysis (51)
 H - a wand of digging (16)
 I - a wand of charming (42)
 P - a wand of mindburst (61)
 Q - a wand of flame (72)
Scrolls
 c - 4 scrolls of holy word
 f - 18 scrolls of teleportation
 s - 8 scrolls of fear
 A - 11 scrolls of blinking
 E - 11 scrolls of magic mapping
 G - 3 scrolls of silence
 M - a scroll of enchant weapon
 U - 2 scrolls of fog
 V - 4 scrolls of summoning
Potions
 e - 11 potions of might
 i - 10 potions of cancellation
 k - 6 potions of curing
 l - 5 potions of mutation
 x - 6 potions of ambrosia
 z - 4 potions of invisibility
 B - 15 potions of haste
 F - 6 potions of resistance
 K - 11 potions of heal wounds
 O - 7 potions of attraction
 S - 3 potions of berserk rage
 Y - 4 potions of flight
Miscellaneous
 v - a lightning rod (4/4)
 y - a tin of tremorstones (2/2)
 N - a condenser vane
 W - a phial of floods


   Skills:
 + Level 20.9 Fighting
 - Level 13.3 Long Blades
 - Level 25.0 Polearms
 - Level 16.0 Throwing
 * Level 19.8 Armour
 + Level 21.8 Dodging
 - Level 4.0 Stealth
 - Level 4.0 Shields
 + Level 15.4 Evocations


You had 26 spell levels left.
You didn't know any spells.
Your spell library was empty.

Dungeon Overview and Level Annotations

Branches:
Dungeon (15/15)            Temple (0/1) D:5            Lair (6/6) D:10
  Swamp (4/4) Lair:3        Snake (4/4) Lair:3        Slime (3/5) Lair:5
    Orc (2/2) D:9             Elf (3/3) Orc:2        Vaults (5/5) D:13
  Crypt (0/3) Vaults:2     Depths (5/5) D:15            Zot (0/5) Depths:5
 Bailey (visited)           IceCv (visited)

Altars:
Ashenzari
Cheibriados
Dithmenos
Elyvilon
Fedhas
Gozag
Hepliaklqana
Kikubaaqudgha
Makhleb
Nemelex Xobeh
Okawaru
Qazlal
Ru
Sif Muna
Uskayaw
Wu Jian
Xom
Zin
The Shining One
Beogh
Lugonu

Shops:
D:7 :   D:15 [   Orc:2 =[(   Elf:1 (   Elf:2 [   Elf:3 [[=   Snake:1 *(
Vaults:3 :   Vaults:5 :(

Portals:
Hell: Depths:1 Depths:2 Depths:3 Depths:4 Depths:5
Abyss: Depths:1 Depths:4 Depths:5
Pandemonium: Depths:3
Ziggurat: Depths:2

Annotations:
D:10 exclusion: oklob plant
Elf:1 6 runed translucent doors
Vaults:4 3 runed translucent doors, robertstho's ghost, veteran MiHu


Innate Abilities, Weirdness & Mutations

((You are quick and stealthy near water. (Stealth+, EV+, Speed+++)))
Your lower body shifts to a powerful aquatic tail in water.
You are mostly covered in iridescent scales. (AC +4)
Your magical capacity is low. (-10% MP)
You are strong-willed. (Will+)
You are very weak. (Str -4)
You expend magic power (3 MP) to strengthen your wands.


Message History

* * * LOW HITPOINT WARNING * * *
The large slime creature hits you!
* * * LOW HITPOINT WARNING * * *
The wall burns your spectral +8 glaive of the Guard {elec, spectral, AC+5}!
Unknown command.
Unknown command.
You slice the large slime creature!!
The large slime creature is heavily wounded.
Your spectral +8 glaive of the Guard {elec, spectral, AC+5} hits the large slime creature from afar!!
Your deep troll bites the very large slime creature!!
Your deep troll claws the very large slime creature!
The very large slime creature dies!
Trog accepts your kill.
Unknown command.
You strike the helpless large slime creature from behind!
You open the large slime creature like a pillowcase!!!
You kill the large slime creature!
Trog accepts your kill.
Your deep troll bites the large slime creature!!
Your deep troll claws the large slime creature!
Your deep troll claws the large slime creature.
The slime creature hits you.
* * * LOW HITPOINT WARNING * * *
The large slime creature hits your deep troll.
Press: ? - help, v - describe, . - travel
Here: a great orb of eyes The floor.
Unknown command.
Unknown command.
You slash the slime creature!
The slime creature is moderately wounded.
Your spectral +8 glaive of the Guard {elec, spectral, AC+5} barely misses the slime creature.
Your deep troll bites the large slime creature!
The large slime creature dies!
Trog accepts your kill.
You barely miss the slime creature.
The slime creature is moderately wounded.
Your spectral +8 glaive of the Guard {elec, spectral, AC+5} hits the slime creature from afar!!
The slime creature hits you!
You die...

.....J..#................
...........<.............
#........................
##.........>ยง............
#........................
............^.....<......
......#...T#.............
.........JG.............
.........(@.^...........
.. ....................
....................
...##.##.#......#... .. ..
## .# . ... . ...


You could see a great orb of eyes, a slime creature (ally target), a friendly
deep troll (summoned, berserk) and a friendly spectral +8 glaive of the Guard
{elec, spectral, AC+5} (summoned).

Vanquished Creatures
  Mennas (Vaults:3)
  A juggernaut (Depths:4)
  Sojobo (Depths:2)
  Vashnia (Snake:4)
  Saint Roka (Depths:2)
  The ghost of Wimurch the Peltast, a veteran GnFi of Qazlal (Vaults:2)
  Xtahua (Depths:2)
  A caustic shrike (Depths:4)
  4 golden dragons
  A bone dragon (Swamp:4)
  2 liches
  5 tentacled monstrosities
  2 deep elf blademasters (Elf:3)
  3 acid blobs
  4 titans
  2 deep elf master archers (Elf:3)
  Kirke (Snake:1)
  9 sphinxes
  A tentacled starspawn (Depths:1)
  A thorn hunter (Depths:3)
  7 shadow dragons
  6 tengu reavers
  Agnes (Snake:4)
  A daeva (Depths:2)
  5 storm dragons
  7 nagarajas
  2 rockslimes
  A fenstrider witch (Swamp:2)
  13 frost giants
  Roxanne (Snake:4)
  4 azure jellies
  Aizul (Snake:4)
  6 deep elf sorcerers
  11 fire giants
  17 vault wardens
  3 iron dragons
  Louise (Swamp:4)
  5 orc warlords
  A spriggan defender (Depths:2)
  3 deep elf elementalists (Elf:3)
  2 draconian annihilators (Depths:5)
  6 war gargoyles
  15 ironbound preservers
  A draconian stormcaller (Depths:5)
  21 very ugly things
  25 stone giants
  Nessos (Lair:6)
  2 green draconians (Depths:5)
  A yellow draconian (Depths:5)
  9 vampire knights
  4 bunyips
  3 deep elf annihilators
  9 deep elf demonologists
  2 entropy weavers
  A black draconian (Depths:5)
  Snorg (Lair:5)
  3 spark wasps
  4 eleionomae
  4 crystal guardians
  Josephine (Swamp:1)
  10 fire dragons
  15 ettins
  12 great orbs of eyes
  4 deep elf death magi
  15 yaktaur captains
  3 jiangshi
  5 deep elf high priests
  37 vault guards
  A rakshasa (Depths:4)
  A salamander tyrant (Snake:4)
  Fannar (D:11)
  2 hell beasts (Depths:3)
  21 hydras
  17 naga warriors
  16 ironbound frosthearts
  2 ironbound thunderhulks
  4 peacekeepers
  4 spriggan air magi
  An anaconda (shapeshifter) (Vaults:5)
  A catoblepas (D:14)
  9 ice dragons
  6 anacondas
  28 centaur warriors
  A two-headed ogre (shapeshifter) (Depths:5)
  3 boulder beetles
  12 two-headed ogres
  15 alligators
  8 deep troll shamans
  3 ogre magi
  5 ghost crabs
  10 death yaks
  A merfolk avatar (Lair:6)
  8 tengu warriors
  A death knight (D:15)
  25 naga sharpshooters
  28 dancing weapons
  5 orc high priests
  3 vampire magi
  11 deep troll earth magi
  4 ironbound beastmasters
  7 shock serpents
  28 deep elf knights
  4 spriggan berserkers
  15 spriggans
  A shadow wraith (Vaults:5)
  27 hell knights
  2 soul eaters
  13 iron trolls
  2 salamander mystics
  6 skeletal warriors
  4 starcursed masses (Depths:1)
  A sea snake (shapeshifter) (Vaults:5)
  4 spriggan druids
  A quicksilver dragon simulacrum (Depths:3)
  A glowing orange brain (shapeshifter) (Depths:4)
  9 goliath frogs
  2 swamp dragons (shapeshifter)
  2 glowing orange brains (Depths:3)
  61 deep trolls
  9 sea snakes
  3 spectral hydras (Swamp:4)
  2 swamp dragons
  3 flayed ghosts
  A lindwurm (shapeshifter) (Vaults:5)
  10 orc knights
  7 bog bodies
  6 naga ritualists
  Pikel (D:5)
  16 ironbound convokers
  14 mana vipers
  12 wizards
  6 lindwurms
  18 deep elf pyromancers
  12 deep elf archers
  35 deep elf zephyrmancers
  8 phantasmal warriors
  6 necromancers
  An oklob plant (Swamp:4)
  5 orc sorcerers
  4 manticores
  40 ugly things
  12 salamanders
  3 shining eyes
  5 cyclopes
  A manticore (shapeshifter) (Depths:1)
  3 will-o-the-wisps
  A salamander (shapeshifter) (D:15)
  17 elephants
  8 guardian serpents
  15 vault sentinels
  33 black mambas
  An ice statue (IceCv)
  13 naga magi
  A water nymph (shapeshifter) (Depths:4)
  8 cane toads
  2 torpor snails
  An unseen horror (D:12)
  A gargoyle (D:12)
  10 komodo dragons
  5 swamp worm zombies (Swamp:4)
  2 kobold demonologists (D:13)
  45 yaktaurs
  2 freezing wraiths
  5 rime drakes
  An efreet (D:14)
  A guardian mummy (D:14)
  2 tengu conjurers (Depths:4)
  6 hydra zombies (Swamp:4)
  3 meliai (D:14)
  A meliai (shapeshifter) (Vaults:5)
  18 polar bears
  A wolf spider simulacrum (D:15)
  9 trolls
  A bloated husk (Swamp:4)
  9 tyrant leeches
  18 hornets
  6 blink frogs
  4 dream sheep (Lair:6)
  53 slime creatures
  A wind drake (Lair:6)
  A dream sheep (shapeshifter) (Vaults:5)
  3 alligator zombies (Swamp:4)
  A meliai zombie (D:14)
  2 shadows
  3 air elementals
  2 redbacks (Vaults:3)
  Sigmund (D:3)
  6 wraiths
  A yak (shapeshifter) (Vaults:5)
  2 vampires
  2 wyverns
  8 water elementals
  55 yaks
  A hog (Snake:1)
  21 vampire mosquitoes
  7 basilisks
  A golden eye (shapeshifter) (Elf:2)
  3 fire elementals
  4 wargs
  60 nagas
  21 swamp worms
  5 acid dragons
  26 water moccasins
  5 floating eyes
  5 swamp drakes
  48 orc warriors
  3 ice beasts
  A black bear (Lair:2)
  A hornet zombie (D:7)
  An ice beast (shapeshifter) (D:13)
  A necrophage (D:4)
  10 ogres
  A boggart (Vaults:2)
  A sky beast (D:6)
  A swamp dragon zombie (Swamp:4)
  26 wolves
  6 centaurs
  9 phantoms
  3 lemures (D:5)
  2 kobold brigands
  A bullfrog (shapeshifter) (Depths:1)
  10 bullfrogs
  Blork the orc (D:4)
  2 scorpions
  A glowing shapeshifter simulacrum (Vaults:2)
  An earth elemental (Elf:2)
  A wyvern zombie (D:6)
  6 killer bees (D:8)
  3 wights (D:7)
  2 howler monkeys
  3 crimson imps (D:15)
  5 centaur zombies
  2 hounds
  A bullfrog zombie (D:5)
  31 orc priests
  A centaur skeleton (D:7)
  3 jellies
  4 gnoll shamans
  2 iguanas
  2 spectral swamp drakes (Swamp:4)
  34 orc wizards
  12 hell rats
  A mummy (D:14)
  5 howler monkey zombies
  A howler monkey skeleton (D:5)
  4 adders
  16 gnolls
  3 swamp drake zombies (Swamp:4)
  A shadow imp (D:7)
  4 white imps
  An ufetubus (D:6)
  3 dart slugs
  121 orcs
  5 endoplasms
  2 giant cockroaches (D:1)
  18 goblins
  10 hobgoblins
  10 jackals
  32 kobolds
  2 quokkas
  7 ball pythons
  6 bats
  6 frilled lizards
  6 rats
  2 starspawn tentacles (Depths:1)
2103 creatures vanquished.

Vanquished Creatures (collateral kills)
  A titan (Vaults:5)
  A shadow dragon (Vaults:5)
  An iron dragon (Vaults:5)
  2 vault wardens (Vaults:5)
  An ironbound preserver (Vaults:5)
  A deep elf annihilator (Elf:3)
  2 vault guards (Vaults:5)
  An ironbound frostheart (Vaults:2)
  A rakshasa (Vaults:2)
  A dancing weapon (Elf:2)
  A naga sharpshooter (Snake:4)
  A deep troll (Vaults:2)
  An ugly thing (Vaults:2)
  2 yaktaurs (Vaults:2)
  5 slime creatures
  A naga (Snake:3)
  3 orc warriors
26 creatures vanquished.

Vanquished Creatures (others)
  A vault guard (Vaults:5)
  A deep elf knight (Elf:1)
  A wizard (Vaults:2)
  A deep elf zephyrmancer (Elf:1)
  A manticore (D:13)
  A bloated husk (Swamp:4)
  5 vampire mosquitoes
  2 humans
  4 orcs
  5 bushes (Lair:6)
  8 foxfires
  29 fungi
  70 plants
  2 starspawn tentacles (Depths:1)
  2 withered plants (D:14)
133 creatures vanquished.

Grand Total: 2262 creatures vanquished

Notes
Turn   | Place    | Note
-------+----------+-------------------------------------------
     0 | D:1      | jejorda2 the Merfolk Berserker began the quest for the Orb.
     0 | D:1      | Reached XP level 1. HP: 18/18 MP: 1/1
    65 | D:1      | Found a faded altar of an unknown god.
   137 | D:1      | Reached XP level 2. HP: 20/24 MP: 2/2
   684 | D:1      | Reached XP level 3. HP: 28/29 MP: 3/3
  1060 | D:2      | Reached ** piety under Trog
  1191 | D:2      | Reached XP level 4. HP: 35/37 MP: 4/4
  2019 | D:3      | Found a sparkling altar of Nemelex Xobeh.
  2026 | D:3      | Noticed Sigmund
  2037 | D:3      | Killed Sigmund
  2038 | D:3      | Reached skill level 5 in Long Blades
  2038 | D:3      | Reached XP level 5. HP: 43/43 MP: 5/5
  2038 | D:3      | Reached XP level 6. HP: 49/49 MP: 6/6
  2465 | D:3      | Found a stormy altar of Qazlal.
  2548 | D:3      | Found a glowing golden altar of the Shining One.
  2921 | D:4      | Noticed a +0 spear
  2921 | D:4      | Noticed a +0 short sword
  2925 | D:4      | Noticed a +0 falchion
  2925 | D:4      | Noticed a +0 short sword
  2926 | D:4      | Noticed a +0 spear
  2926 | D:4      | Noticed a +0 dagger
  2927 | D:4      | Noticed a +0 falchion
  2927 | D:4      | Noticed a +0 dagger
  2941 | D:4      | Found a hide-covered altar of Uskayaw.
  2980 | D:4      | Noticed Blork the orc
  2989 | D:4      | Killed Blork the orc
  2990 | D:4      | Reached skill level 1 in Shields
  3072 | D:4      | Reached XP level 7. HP: 51/55 MP: 7/7
  3131 | D:4      | Reached *** piety under Trog
  3148 | D:4      | Reached skill level 5 in Fighting
  3959 | D:5      | Entered Level 5 of the Dungeon
  3964 | D:5      | Identified a scroll of acquirement
  3964 | D:5      | Acquired a manual of Fighting
  4210 | D:5      | Found a hazy altar of Hepliaklqana.
  4665 | D:5      | Noticed Pikel
  4687 | D:5      | Killed Pikel
  4688 | D:5      | Reached XP level 8. HP: 61/64 MP: 8/8
  4893 | D:5      | Found a staircase to the Ecumenical Temple.
  5351 | D:6      | Noticed a troll
  5364 | D:6      | Killed a troll
  5365 | D:6      | Reached XP level 9. HP: 49/71 MP: 9/9
  5547 | D:6      | Found a snail-covered altar of Cheibriados.
  6745 | D:7      | Reached **** piety under Trog
  7450 | D:7      | Reached skill level 5 in Armour
  7902 | D:7      | Reached skill level 10 in Long Blades
  7962 | D:7      | Found Piocluixt's Book Shoppe.
  8231 | D:7      | Found a shimmering blue altar of Sif Muna.
  8803 | D:8      | Reached XP level 10. HP: 83/83 MP: 10/10
  9034 | D:8      | Found an opulent altar of Gozag.
  9836 | D:9      | Found a burning altar of Makhleb.
  9853 | D:9      | Found an iron altar of Okawaru.
  9893 | D:9      | Noticed a two-headed ogre
  9900 | D:9      | Killed a two-headed ogre
  9901 | D:9      | Reached skill level 10 in Fighting
  9993 | D:9      | Reached skill level 1 in Throwing
 10015 | D:9      | Reached ***** piety under Trog
 10357 | D:9      | Noticed a red ugly thing
 10375 | D:9      | Killed a red ugly thing
 10570 | D:9      | Identified the +9 spear "Giant's Demise" {speed, rPois
                  | Str+3}
 10650 | D:9      | Reached XP level 11. HP: 32/90 MP: 11/11
 11355 | D:9      | Found a staircase to the Orcish Mines.
 11619 | D:10     | Entered Level 10 of the Dungeon
 11687 | D:10     | Found an ornate altar of the Wu Jian Council.
 11807 | D:10     | Found a white marble altar of Elyvilon.
 11872 | D:10     | Found a staircase to the Lair.
 11963 | D:10     | Found an ancient bone altar of Kikubaaqudgha.
 12086 | D:10     | Noticed a two-headed ogre
 12097 | D:10     | Killed a two-headed ogre
 12235 | D:10     | Found a blossoming altar of Fedhas.
 12250 | D:10     | Noticed an oklob plant
 12326 | D:10     | Found a glowing silver altar of Zin.
 12348 | D:10     | Found a shadowy altar of Dithmenos.
 12474 | D:10     | Found the +8 glaive of the Guard {elec, spectral, AC+5}
 12477 | D:10     | Gained mutation: You are weak. (Str -2) [potion of
                  | mutation]
 12478 | D:10     | Lost mutation: You are weak. (Str -2) [potion of mutation]
 12478 | D:10     | Gained mutation: Your magical capacity is low. (-10% MP)
                  | [potion of mutation]
 12478 | D:10     | Gained mutation: Your muscles are strong. (Str +2) [potion
                  | of mutation]
 12478 | D:10     | Gained mutation: Your body sometimes deteriorates upon
                  | taking damage. [potion of mutation]
 12554 | D:10     | Identified the +2 short sword of the Muttering Seeker
                  | {vorpal, Int+2 Dex+6}
 12667 | D:11     | Reached skill level 1 in Polearms
 12678 | D:11     | Reached skill level 2 in Polearms
 12685 | D:11     | Reached skill level 3 in Polearms
 13001 | D:11     | Noticed a purple ugly thing
 13013 | D:11     | Killed a purple ugly thing
 13014 | D:11     | Reached skill level 4 in Polearms
 13116 | D:11     | Reached skill level 5 in Polearms
 13408 | D:11     | Noticed a manticore
 13417 | D:11     | Killed a manticore
 13418 | D:11     | Reached skill level 6 in Polearms
 13919 | D:11     | Reached skill level 7 in Polearms
 14048 | D:11     | Noticed a wizard
 14054 | D:11     | Noticed a red ugly thing
 14055 | D:11     | Noticed a manticore
 14141 | D:11     | Reached skill level 8 in Polearms
 14141 | D:11     | Noticed a two-headed ogre
 14144 | D:11     | Noticed a yaktaur captain
 14145 | D:11     | Killed a two-headed ogre
 14146 | D:11     | Reached skill level 9 in Polearms
 14212 | D:11     | Noticed a frost giant
 14218 | D:11     | Killed a frost giant
 14219 | D:11     | Reached skill level 10 in Polearms
 14471 | D:11     | Noticed a tengu warrior
 14472 | D:11     | Noticed a fire giant
 14472 | D:11     | Noticed a flayed ghost
 14472 | D:11     | Noticed a centaur warrior
 14474 | D:11     | Noticed a sphinx
 14477 | D:11     | Killed a tengu warrior
 14478 | D:11     | Reached skill level 11 in Polearms
 14478 | D:11     | Reached XP level 12. HP: 97/97 MP: 10/10
 14479 | D:11     | Noticed a stone giant
 14480 | D:11     | Killed a centaur warrior
 14481 | D:11     | Reached skill level 12 in Polearms
 14482 | D:11     | Noticed an ice dragon
 14483 | D:11     | Killed a fire giant
 14484 | D:11     | Reached skill level 13 in Polearms
 14630 | D:11     | Noticed Fannar
 14637 | D:11     | Killed Fannar
 14791 | D:11     | Identified the +3 scale mail "Beynoo" {rF++ Str+2 Dex+2}
 14992 | D:11     | Killed a stone giant
 14993 | D:11     | Reached skill level 14 in Polearms
 15029 | D:11     | Killed a yaktaur captain
 15031 | D:11     | Killed a sphinx
 15032 | D:11     | Reached skill level 15 in Polearms
 15240 | D:11     | Killed an ice dragon
 15241 | D:11     | Reached skill level 16 in Polearms
 15461 | Lair:1   | Entered Level 1 of the Lair of Beasts
 15562 | Lair:1   | Reached skill level 17 in Polearms
 15569 | Lair:1   | Reached XP level 13. HP: 91/103 MP: 11/11
 16270 | Lair:2   | Reached skill level 18 in Polearms
 16617 | Lair:2   | Reached skill level 19 in Polearms
 17749 | Lair:3   | Found the +4 dagger "Morg" {pain, Will+ Int+5}
 17760 | Lair:3   | Acquired the amulet "Quxeun" {Faith rC+ rCorr}
 18068 | Lair:3   | Found a staircase to the Snake Pit.
 18243 | Lair:3   | Received a gift from Trog
 18500 | Lair:3   | Found a staircase to the Swamp.
 18735 | Lair:4   | Acquired a manual of Fighting
 18839 | Lair:4   | Reached skill level 20 in Polearms
 19226 | Lair:4   | Reached skill level 5 in Throwing
 19226 | Lair:4   | Reached skill level 1 in Evocations
 20129 | Lair:5   | Noticed Snorg
 20136 | Lair:5   | Reached XP level 14. HP: 99/114 MP: 12/12
 20137 | Lair:5   | Killed Snorg
 20323 | Lair:5   | Found a staircase to the Slime Pits.
 20662 | Lair:6   | Entered Level 6 of the Lair of Beasts
 20829 | Lair:6   | Received a gift from Trog
 21226 | Lair:6   | Noticed Nessos
 21249 | Lair:6   | Killed Nessos
 21311 | Lair:6   | Reached skill level 5 in Evocations
 21596 | Lair:6   | Reached skill level 15 in Fighting
 21675 | Lair:6   | Received a gift from Trog
 21894 | Lair:6   | Lost mutation: Your body sometimes deteriorates upon taking
                  | damage. [potion of mutation]
 21894 | Lair:6   | Lost mutation: Your muscles are strong. (Str +2) [potion of
                  | mutation]
 21894 | Lair:6   | Lost mutation: Your magical capacity is low. (-10% MP)
                  | [potion of mutation]
 21894 | Lair:6   | Gained mutation: Armour fits poorly on your strangely
                  | shaped body. [potion of mutation]
 21894 | Lair:6   | Gained mutation: You do not regenerate when monsters are
                  | visible. [potion of mutation]
 22171 | Lair:6   | Reached XP level 15. HP: 119/131 MP: 15/15
 22634 | Orc:1    | Entered Level 1 of the Orcish Mines
 22777 | Orc:1    | Noticed an orc warlord
 22784 | Orc:1    | Killed an orc warlord
 23072 | D:9      | Reached ****** piety under Trog
 23204 | Orc:1    | Found a runed translucent door.
 23710 | Lair:3   | Lost mutation: Armour fits poorly on your strangely shaped
                  | body. [potion of mutation]
 23710 | Lair:3   | Lost mutation: You do not regenerate when monsters are
                  | visible. [potion of mutation]
 23710 | Lair:3   | Gained mutation: Your mind is acute. (Int +2) [potion of
                  | mutation]
 23710 | Lair:3   | Gained mutation: You have a pair of small antennae on your
                  | head. [potion of mutation]
 23927 | Orc:2    | Entered Level 2 of the Orcish Mines
 24054 | Orc:2    | Received a gift from Trog
 24527 | Orc:2    | Noticed an orc warlord
 24535 | Orc:2    | Killed an orc warlord
 24537 | Orc:2    | Received a gift from Trog
 24762 | Orc:1    | Reached skill level 5 in Dodging
 24930 | Orc:1    | Reached skill level 10 in Throwing
 25311 | Orc:2    | Found Zuesais's Antique Armour Emporium.
 25312 | Orc:2    | Found Nurepeiss's Antique Weapon Emporium.
 25313 | Orc:2    | Found Gedeqod's General Store.
 25313 | Orc:2    | Found Pubuqig's Jewellery Shoppe.
 25394 | Orc:2    | Found a staircase to the Elven Halls.
 25573 | Orc:2    | Received a gift from Trog
 26000 | Orc:2    | Bought a pair of runed gloves for 217 gold pieces
 26000 | Orc:2    | Bought a pair of bloodstained boots for 275 gold pieces
 26000 | Orc:2    | Identified the +0 pair of boots of the Iron Devil {rC+
                  | Int+3} (You bought it in a shop on level 2 of the Orcish
                  | Mines)
 26000 | Orc:2    | Bought a smoking chain mail for 275 gold pieces
 26000 | Orc:2    | Identified the +1 chain mail of the Will of the Gods {Harm
                  | rC++ rN+ rCorr} (You bought it in a shop on level 2 of the
                  | Orcish Mines)
 26799 | D:12     | Paralysed by a floating eye for 2 turns
 27100 | D:13     | Found a frozen archway.
 27135 | IceCv    | Entered an ice cave
 27289 | IceCv    | Identified the ring of Caank {Ice rElec rPois Int+5 Dex-5}
 27408 | IceCv    | Received a gift from Trog
 27452 | IceCv    | Reached XP level 16. HP: 141/141 MP: 16/16
 27741 | IceCv    | Identified the Reference Book on Ice
 27769 | D:13     | Lost mutation: Your mind is acute. (Int +2) [potion of
                  | mutation]
 27769 | D:13     | Lost mutation: You have a pair of small antennae on your
                  | head. [potion of mutation]
 27769 | D:13     | Gained mutation: You are partially covered in iridescent
                  | scales. (AC +2) [potion of mutation]
 27769 | D:13     | Gained mutation: You expend magic power (3 MP) to
                  | strengthen your wands. [potion of mutation]
 27769 | D:13     | Gained mutation: You are strong-willed. (Will+) [potion of
                  | mutation]
 28151 | D:13     | Found the +7 great mace "Undeadhunter" {disrupt, rN+}
 28152 | D:13     | Identified the ring of the Blind Eye {Wiz rPois rC- Str+5}
 28155 | D:13     | Identified the +7 flail of Zacsu {protect, Dex+4}
 28161 | D:13     | Identified the ring of the Howling King {MP+9 Str+6}
 28168 | D:13     | Identified the ring "Cinlatexto" {rC+ Will- AC+4 Str+3}
 28694 | D:13     | Found a gate to the Vaults.
 28862 | D:14     | Found a flagged portal.
 28966 | Bailey   | Entered a bailey
 29175 | Bailey   | Found a runed translucent gate.
 29178 | Bailey   | Found a runed translucent gate.
 29179 | Bailey   | Found a runed translucent gate.
 29390 | Bailey   | Identified the +1 shortbow of Indomitability {freeze, rElec
                  | rPois rC+++ rCorr}
 29393 | Bailey   | Reached XP level 17. HP: 151/151 MP: 17/17
 29425 | D:14     | Acquired 1305 gold pieces
 30256 | D:15     | Entered Level 15 of the Dungeon
 30580 | D:15     | Found Uhupnos's Antique Armour Shoppe.
 30662 | D:15     | Found a staircase to the Depths.
 30744 | D:15     | Found a shimmering altar of Xom.
 30904 | D:15     | Received a gift from Trog
 31304 | Orc:2    | Bought translucent quicksilver dragon scales for 1885 gold
                  | pieces
 31304 | Orc:2    | Identified the quicksilver dragon scales of Rotation {rN+
                  | Will+ Dex+4} (You bought it in a shop on level 2 of the
                  | Orcish Mines)
 31913 | Swamp:1  | Entered Level 1 of the Swamp
 32635 | Swamp:1  | Noticed Josephine
 32643 | Swamp:1  | Killed Josephine
 33174 | Swamp:2  | Received a gift from Trog
 33179 | Swamp:2  | Reached XP level 18. HP: 138/158 MP: 18/18
 33796 | Swamp:2  | Found a broken altar of Ashenzari.
 33867 | Swamp:2  | Identified the +4 ring mail of Wedaej {Dex+2}
 34967 | Swamp:3  | Identified the +2 robe of Bedevilment {rElec rPois Str+4
                  | Int-3}
 35307 | Swamp:4  | Entered Level 4 of the Swamp
 35393 | Swamp:4  | Reached skill level 15 in Throwing
 36206 | Swamp:4  | Received a gift from Trog
 36453 | Swamp:4  | Identified the +1 chain mail of Comuo {rN+ Str+2 Dex+4
                  | SInv}
 36460 | Swamp:4  | Noticed Louise
 36468 | Swamp:4  | Killed Louise
 37047 | Swamp:4  | Noticed a bone dragon
 37066 | Swamp:4  | Killed a bone dragon
 37332 | Swamp:4  | Got a decaying rune of Zot
 37478 | Snake:1  | Entered Level 1 of the Snake Pit
 38074 | Snake:1  | Found Sair's General Store.
 38091 | Snake:1  | Received a gift from Trog
 38190 | Snake:1  | Reached XP level 19. HP: 165/165 MP: 19/19
 38192 | Snake:1  | Noticed Kirke
 38196 | Snake:1  | Killed Kirke
 38694 | Snake:1  | Found Hupec's Antique Weapon Shoppe.
 39505 | Snake:2  | Reached skill level 10 in Armour
 39512 | Snake:2  | Received a gift from Trog
 40806 | Snake:3  | Reached skill level 10 in Evocations
 41086 | Snake:3  | Reached skill level 10 in Dodging
 41720 | Snake:3  | Identified the +7 falchion of Domil {vorpal, Dex+4} (Trog
                  | gifted it to you on level 3 of the Snake Pit)
 41720 | Snake:3  | Received a gift from Trog
 42125 | Snake:4  | Entered Level 4 of the Snake Pit
 42542 | Snake:4  | Noticed Aizul
 42551 | Snake:4  | Killed Aizul
 42758 | Snake:4  | Noticed Vashnia
 42774 | Snake:4  | Noticed Agnes
 42782 | Snake:4  | Killed Vashnia
 42792 | Snake:4  | Killed Agnes
 42793 | Snake:4  | Reached XP level 20. HP: 119/172 MP: 20/20
 43123 | Snake:4  | Received a gift from Trog
 43922 | Snake:4  | Found a shimmering altar of Xom.
 43938 | Snake:4  | Noticed Roxanne
 43961 | Snake:4  | Killed Roxanne
 44445 | Snake:4  | Received a gift from Trog
 44480 | Snake:4  | Got a serpentine rune of Zot
 44847 | Elf:1    | Entered Level 1 of the Elven Halls
 45146 | Elf:1    | Found Qeoxuny's Weapon Boutique.
 45271 | Elf:1    | You fall into a shaft and drop 1 floor!
 45541 | Elf:1    | Paralysed by an air elemental for 1 turns
 45545 | Elf:1    | Paralysed by an air elemental for 1 turns
 45550 | Elf:1    | Identified the amulet "Cythrethra" {Spirit Fly Will+ Int+2}
 45551 | Elf:1    | Received a gift from Trog
 45868 | Elf:1    | Found a runed translucent gate.
 45868 | Elf:1    | Found a runed translucent gate.
 45868 | Elf:1    | Found a runed translucent gate.
 45868 | Elf:1    | Found a runed translucent gate.
 45869 | Elf:1    | Found a runed translucent gate.
 45869 | Elf:1    | Found a runed translucent gate.
 46115 | Elf:1    | Identified the +8 war axe of the Sugar Beet {holy, rElec}
 46856 | Elf:2    | Received a gift from Trog
 46896 | Elf:2    | Reached XP level 21. HP: 129/178 MP: 21/21
 47445 | Elf:2    | Found a runed translucent gate.
 47446 | Elf:2    | Found a runed translucent gate.
 47452 | Elf:2    | Found a runed translucent gate.
 47594 | Elf:2    | Found Efoodeik's Armour Boutique.
 48152 | Elf:2    | Received a gift from Trog
 48753 | Elf:3    | Entered Level 3 of the Elven Halls
 48826 | Elf:3    | Found Dijic's Armour Shop.
 48833 | Elf:3    | Found Vygosi's Jewellery Boutique.
 48991 | Elf:3    | Found Upresasa's Armour Boutique.
 49054 | Elf:3    | Paralysed by an air elemental for 1 turns
 49178 | Elf:3    | Identified the -6 pair of boots of the Weaver {Fly rF+
                  | Int+5}
 49484 | Elf:3    | Received a gift from Trog
 49522 | Elf:3    | Reached skill level 15 in Dodging
 50086 | Elf:3    | Identified the ring "Qeajul" {+Blink EV+4 Str-5 Dex+2}
 50178 | Elf:3    | Identified the amulet of Teacsut {Faith rC- Will++}
 50326 | Elf:3    | Identified the Grimoire of Ice and Evil
 50329 | Elf:3    | Identified the +5 scimitar "Hell-Harrower" {drain, rPois
                  | Dex+6}
 50331 | Elf:3    | Identified the +7 chain mail "Vihisul" {+Blink rElec
                  | Slay+6}
 50345 | Elf:3    | Identified the +9 hunting sling "Gongea" {flame, +Blink rC+
                  | Will-}
 50679 | Elf:3    | Identified the +0 kite shield "Uptionko" {rF- Str+4 Dex+4}
 50689 | Elf:3    | Identified the +9 dagger "Cosmaipi" {vorpal, *Rage rC+++
                  | Dex+4}
 50689 | Elf:3    | Identified the +3 scale mail of the Apothecary {Drain rPois
                  | rC+}
 51649 | Elf:3    | Bought a ring of protection from fire for 275 gold pieces
 52087 | Vaults:1 | Entered Level 1 of the Vaults
 52115 | Vaults:1 | Received a gift from Trog
 52575 | Vaults:1 | Reached XP level 22. HP: 171/186 MP: 22/22
 52673 | Vaults:1 | Reached skill level 15 in Armour
 53059 | Vaults:1 | Received a gift from Trog
 53096 | Vaults:1 | Reached skill level 1 in Stealth
 54184 | Vaults:2 | Received a gift from Trog
 54704 | Vaults:2 | Found a staircase to the Crypt.
 55268 | Vaults:2 | Found a runed translucent gate.
 55268 | Vaults:2 | Found a runed translucent gate.
 55268 | Vaults:2 | Found a runed translucent gate.
 55581 | Vaults:2 | Received a gift from Trog
 56281 | Vaults:2 | Noticed Wimurch's ghost (veteran GnFi)
 56303 | Vaults:2 | Killed Wimurch's ghost
 56316 | Vaults:2 | Identified the -4 cloak of Gravitas {rN++ Str-2 Int+6}
 56547 | Vaults:3 | Reached XP level 23. HP: 192/192 MP: 23/23
 57019 | Vaults:3 | Received a gift from Trog
 57724 | Vaults:3 | Noticed Mennas
 57740 | Vaults:3 | Killed Mennas
 58367 | Vaults:3 | Found Jeiq's Book Shoppe.
 58901 | Vaults:4 | Identified the +6 battleaxe of Awkwardness {elec, Will++
                  | Str+4 Int+4}
 59100 | Vaults:4 | Found a runed translucent gate.
 59100 | Vaults:4 | Found a runed translucent gate.
 59100 | Vaults:4 | Found a runed translucent gate.
 59102 | Vaults:4 | Noticed robertstho's ghost (veteran MiHu)
 59572 | Vaults:4 | Received a gift from Trog
 59893 | Vaults:4 | Acquired 736 gold pieces
 60602 | Vaults:4 | Received a gift from Trog
 60788 | Vaults:5 | Entered Level 5 of the Vaults
 60966 | Vaults:5 | Reached XP level 24. HP: 192/193 MP: 23/23
 61433 | Vaults:5 | Identified the ring of Tuduc {Wiz rF+ rC+ Int+3}
 61438 | Vaults:5 | Identified the +4 scale mail "Ycrabem" {-Cast +Inv rCorr
                  | Str+5}
 61534 | Vaults:5 | Received a gift from Trog
 61934 | Vaults:5 | Identified the +9 flail "Wiamefat" {flame, Int+4}
 62022 | Vaults:5 | Got a silver rune of Zot
 62207 | Vaults:5 | Reached skill level 21 in Polearms
 62248 | Vaults:5 | Received a gift from Trog
 62789 | Vaults:5 | Found the +10 Black Knight's barding {ponderous, rPois rN+}
 62975 | Vaults:5 | Found Azeti's Weapon Shop.
 63147 | Vaults:5 | Found Ilauberu's Book Shop.
 63950 | Depths:1 | Entered Level 1 of the Depths
 64068 | Depths:1 | Reached XP level 25. HP: 184/208 MP: 23/23
 64155 | Depths:1 | Identified the +1 robe "Qetyum" {rN++ Str+5 Int-4}
 64421 | Depths:1 | Received a gift from Trog
 64439 | Depths:1 | Reached skill level 22 in Polearms
 64816 | Depths:1 | Found a one-way gate to the infinite horrors of the Abyss.
 64819 | Depths:1 | Found a corrupted altar of Lugonu.
 64831 | Depths:1 | Found the +8 demon trident "Rift" {distort, reach+}
 65274 | Depths:1 | Found a gateway to Hell.
 65722 | Depths:2 | Reached skill level 23 in Polearms
 66317 | Depths:2 | Received a gift from Trog
 66488 | Depths:2 | Found a gateway to a ziggurat.
 66491 | Depths:2 | Noticed Sojobo
 66505 | Depths:2 | Killed Sojobo
 66823 | Depths:2 | Reached skill level 24 in Polearms
 66896 | Depths:2 | Identified the +0 tower shield of the Northern Lights {+Inv
                  | Dex+6}
 67012 | Depths:2 | Found a glowing golden altar of the Shining One.
 67333 | Depths:2 | Noticed Saint Roka
 67341 | Depths:2 | Killed Saint Roka
 67459 | Depths:2 | Upgraded the game from 0.27-a0-1273-gec92ba881d to
                  | 0.27-a0-1278-g6cbc8dfb29
 67550 | Depths:3 | Received a gift from Trog
 67721 | Depths:3 | Reached skill level 25 in Polearms
 67742 | Depths:3 | Noticed Xtahua
 67842 | Depths:2 | Killed Xtahua
 68154 | Depths:3 | Paralysed by a great orb of eyes for 2 turns
 68245 | Depths:3 | Found a glowing golden altar of the Shining One.
 68245 | Depths:3 | Found a white marble altar of Elyvilon.
 68245 | Depths:3 | Found a glowing silver altar of Zin.
 68284 | Depths:3 | Reached XP level 26. HP: 204/217 MP: 23/23
 68335 | Depths:3 | Found a one-way gate leading to the halls of Pandemonium.
 68469 | Depths:3 | Received a gift from Trog
 68514 | Depths:3 | Found a sacrificial altar of Ru.
 68819 | Depths:4 | Paralysed by a floating eye for 4 turns
 69378 | Depths:4 | Identified the +6 triple sword "Hacode Suvu" {vorpal, +Rage
                  | rCorr Str+5 Int-2} (Trog gifted it to you on level 4 of the
                  | Depths)
 69378 | Depths:4 | Received a gift from Trog
 69421 | Depths:4 | Noticed a juggernaut
 69435 | Depths:4 | Killed a juggernaut
 69804 | Depths:4 | Identified the +0 robe of Painted Mirth {rN++}
 70003 | Depths:4 | Received a gift from Trog
 71321 | Depths:5 | Entered Level 5 of the Depths
 71373 | Depths:5 | Received a gift from Trog
 71637 | Depths:5 | Reached XP level 27. HP: 150/226 MP: 23/23
 72036 | Depths:5 | Received a gift from Trog
 72414 | Depths:5 | Reached skill level 15 in Evocations
 72430 | Depths:5 | Found a gate to the Realm of Zot.
 73085 | Depths:5 | Found a portal to a secret trove of treasure.
 73099 | Depths:5 | You paid a toll of 17 potions of curing to enter a treasure
                  | trove
 73100 | Trove    | Entered a treasure trove
 73111 | Trove    | Found the amulet of Vitality {Regen+ HP+15}
 73115 | Trove    | Identified the amulet of Moodiness {Reflect -Tele rPois rN+
                  | SH+5}
 73119 | Trove    | Identified the ring "Viliroje" {Will+ EV+4 Dex+4}
 73126 | Trove    | Identified the ring of Cotesin {Fire Dex+4}
 73130 | Trove    | Identified the amulet "Cafyor" {Reflect rPois Will++ Int-5
                  | SH+5 Stlth+}
 73131 | Trove    | Identified the ring "Dithyori" {rElec EV+4}
 73142 | Trove    | Identified the ring of Cetrutz {Wiz rElec rC+++ Will-
                  | Dex-4}
 73568 | Slime:1  | Entered Level 1 of the Pits of Slime
 73585 | Lair:5   | Received a gift from Trog
 73761 | Slime:2  | Gained mutation: You are weak. (Str -2) [a shining eye]
 73923 | Slime:3  | Gained mutation: You are mostly covered in iridescent
                  | scales. (AC +4) [a shining eye]
 73926 | Slime:3  | Gained mutation: Your magical capacity is low. (-10% MP) [a
                  | shining eye]
 73929 | Slime:3  | Gained mutation: You are very weak. (Str -4) [a shining
                  | eye]
 73953 | Slime:3  | HP: 3/227 [titanic slime creature (75)]
 73960 | Slime:3  | HP: 11/227 [large slime creature (8)]
 73964 | Slime:3  | Slain by a slime creature

Illustrated notes

Levels and vault maps discovered:
D:1:      elethiomel_arrival_shortcut, layout_basic, basic_ecumenical_altar
D:2:      layout_rooms
D:3:      layout_loops_ring, lemuel_crystal_altar, amcnicky_altar_gilded,
          lemuel_round_altar, uniq_sigmund
D:4:      layout_loops_ring, nicolae_uskayaw_en_pointe, uniq_blork_the_orc
D:5:      layout_basic, old_standard_altar, minmay_temple_entry_stoned_glass,
          uniq_pikel
D:6:      layout_cave_pools, cheibriados_altar_1
D:7:      layout_gridville, nicolae_sif_muna_little_library, serial_shops,
          nicolae_shop_behind_doors, minmay_increasing_density
D:8:      layout_loops_ring, grunt_gozag_statues
D:9:      layout_long_grid, lemuel_doored_altar, overflow_temple_1_default,
          erik_orc_1, st_stairs_13, hangedman_abyss_or_decor_stabs
D:10:     layout_rooms, zin_statuary, tgw_kikubaaqudgha, lemuel_tele_altar,
          tgw_fedhas, elyvilon_altar_3, nicolae_wu_jian_glorious_leap,
          lair_entry_dummy
D:11:     minmay_tile_spiral, layout_small_grid, uniq_fannar
D:12:     layout_roguey, onia_ninara_cookie
D:13:     layout_basic, david_vaults_4, portal_ice_cave_rime,
          small_statue_intersection, lemuel_flamethrower_hall
D:14:     layout_basic, enter_bailey_5, serial_undead, serial_undead_b,
          serial_undead_e, serial_undead_a, serial_undead_c,
          lemuel_nasty_fountain
D:15:     hangedman_depths_entry_civil_slaughter, layout_loops_cross,
          minmay_misc_feat_tiny, serial_shops, shop, led_xom_imps
Lair:1:   layout_roguey, grunt_forest_small_clearing_treed, grunt_megastairs_1,
          lemuel_fruit_tree
Lair:2:   layout_cave_shapes
Lair:3:   layout_loops_ring, minmay_swamp_entry_worms,
          minmay_snake_entry_six_corridors, hibernation_bobbens
Lair:4:   layout_roguey
Lair:5:   layout_small_grid, dpeg_slime_entry_corner, uniq_snorg
Lair:6:   gammafunk_lair_ancient_temple, layout_cave_shapes, uniq_nessos
Swamp:1:  layout_basic_swamp, hangedman_swamp_blocks, swamp_pool1,
          infiniplex_staircase_pool, uniq_josephine
Swamp:2:  layout_basic_swamp, nicolae_swamp_feature_on_the_river_bank,
          swamp_pool2
Swamp:3:  layout_basic_swamp, hangedman_swamp_lotus
Swamp:4:  swamp_pestilence, layout_basic_swamp, swamp_pool1,
          nicolae_swamp_baby_hydras, uniq_louise
Snake:1:  layout_grid_maze, serial_shops, nicolae_shop_behind_doors,
          minmay_shop_star, uniq_kirke
Snake:2:  layout_honeycomb, drop_trap
Snake:3:  layout_gridlike, grunt_megastairs_4
Snake:4:  grunt_snake_rune_pools, layout_misc_corridors, basic_altar,
          uniq_aizul, uniq_vashnia, uniq_roxanne, uniq_agnes
Slime:1:  layout_caves
Slime:2:  layout_caves
Slime:3:  layout_caves
Orc:1:    layout_caves, serial_shops, lightli_church_of_beogh
Orc:2:    st_orc_congregation, layout_diamond_mine, small_statue_alley_c
Elf:1:    minmay_elf_arrival_plus, layout_loops_corners, serial_shops, shop,
          hangedman_elven_crosses_minicolossus, orc_legates
Elf:2:    layout_geoelf_grid, serial_shops, nicolae_shop_window_shopping,
          statue_in_the_mist_lemuel, grunt_ministairs_14
Elf:3:    elf_hall_gauntlet_wide, layout_geoelf_octagon, serial_shops, shop,
          shop, nicolae_shop_statue_plus
Vaults:1: hangedman_vaults_trim, vaults_room_guarded_vault,
          vaults_room_grunt_arrival_checkpoint, v_misc_18, v_pattern_1,
          v_misc_10, v_misc_10, v_misc_17, grunt_vaults_hallway_long, v_misc_19,
          grunt_vaults_hallway_short, nicolae_vaults_inception_scallops,
          layout_vaults_ring
Vaults:2: gammafunk_vaults_ghost_tricky_traps, minmay_crypt_entry_simple_sparse,
          hangedman_vaults_nodes, ontoclasm_vaults_chip,
          nicolae_vaults_alarming, hangedman_vaults_stitches, serial_ice_h,
          vaults_dpeg_ring, v_misc_29, layout_vaults_chaotic_city
Vaults:3: nicolae_vaults_good_morning_starshine, hangedman_vaults_stagger,
          hangedman_vaults_maws, nicolae_vaults_bisected_inception,
          vaults_dpeg_encased_lava, v_misc_15, v_misc_15, vaults_room_corners,
          grunt_vaults_hallway_long, v_pattern_5,
          nicolae_vaults_little_squares_4, v_misc_11, layout_vaults_maze,
          serial_shops, shop, uniq_mennas
Vaults:4: gammafunk_vaults_ghost_fury_of_okawaru,
          ontoclasm_vaults_decontamination, nicolae_vaults_little_squares_5,
          v_alt_pattern_6, ontoclasm_vaults_ligature, grunt_vaults_twisty,
          dpeg_vaults_monster_box, nicolae_vaults_shelves_hall,
          layout_vaults_quadrants
Vaults:5
Depths:1: minmay_curly_fans, layout_honeycomb, grunt_hell_entry_dis_mu,
          hellmonk_guarded_unrand_rift, kennysheep_random_hallway,
          serial_bayou_shore_a
Depths:2: abrahamwl_protected_by_tso_3, layout_honeycomb, enter_ziggurat_f,
          serial_sigils_hangedman_shear, hell_entry, uniq_saint_roka,
          uniq_sojobo
Depths:3: onia_ninara_swampy_vault, layout_cave_pools, grunt_mini_vestibule,
          good_gods_mini_temple, pan_entry, nicolae_ru_great_annihilating_truth,
          uniq_xtahua
Depths:4: minmay_the_grid_square_5x5_5x5
          [minmay_the_grid_square_5x5_broken_cross,
          minmay_the_grid_square_5x5_tie, minmay_the_grid_square_5x5_six,
          minmay_the_grid_square_5x5_percent,
          minmay_the_grid_square_5x5_inverted_slash,
          minmay_the_grid_square_5x5_checkered,
          minmay_the_grid_square_5x5_prize_junk,
          minmay_the_grid_square_5x5_dogpile,
          minmay_the_grid_square_5x5_prize_itemx,
          minmay_the_grid_square_5x5_minimal,
          minmay_the_grid_square_5x5_moneybag, minmay_the_grid_square_5x5_meh,
          minmay_the_grid_square_5x5_prize_rear_guard,
          minmay_the_grid_square_5x5_eight_small,
          minmay_the_grid_square_5x5_detours,
          minmay_the_grid_square_5x5_two_walls_a,
          minmay_the_grid_square_5x5_prize_waves, minmay_the_grid_square_5x5_v,
          minmay_the_grid_square_5x5_prize_open,
          minmay_the_grid_square_5x5_plus, minmay_the_grid_square_5x5_trominoes,
          minmay_the_grid_square_5x5_slash,
          minmay_the_grid_square_5x5_bracketed,
          minmay_the_grid_square_5x5_eight, minmay_the_grid_square_5x5_spiral],
          layout_cave_shapes, hell_entry, abyss_entry,
          infiniplex_staircase_9_rooms
Depths:5: grunt_zot_entry_bicorn, layout_cave_pools, eino_curves_01,
          abyss_entry_crystal, hell_entry, trove_entry_hex_spiral

Skill      XL: |  1  2  3  4  5  6  7  8  9 10 11 12 13 14 15 16 17 18 19 20 21 22 23 24 25 26 27 |
---------------+----------------------------------------------------------------------------------+-----
Long Blades    | 4 5 6 7 8 10 12 13 | 13.3
Armour         | 2 4 5 6 7 9 11 13 14 16 17 18 19 | 19.8
Fighting       | 4 6 9 10 11 16 17 18 19 20 | 20.9
Shields        | 2 4 |  4.0
Throwing       | 3 4 5 8 11 12 14 16 | 16.0
Polearms       | 11 17 20 21 25 | 25.0
Evocations     | 2 6 7 9 10 12 13 14 15 | 15.4
Dodging        | 7 8 11 13 16 17 19 20 21 | 21.8
Stealth        | 4 |  4.0

Action                   |  1- 3 |  4- 6 |  7- 9 | 10-12 | 13-15 | 16-18 | 19-21 | 22-24 | 25-27 || total
-------------------------+-------+-------+-------+-------+-------+-------+-------+-------+-------++-------
Melee: Falchion          |    87 |   144 |       |       |       |       |       |       |       ||   231
       Scimitar          |       |    14 |   362 |   337 |       |       |       |       |       ||   713
       Spear             |       |       |       |    21 |    68 |       |       |       |       ||    89
       Glaive            |       |       |       |    69 |   608 |   480 |   844 |   831 |   879 ||  3711
       Tailslap          |       |       |       |       |    21 |    12 |     3 |     1 |     6 ||    43
       Halberd           |       |       |       |       |       |    38 |       |       |       ||    38
Throw: Dart              |       |     5 |    15 |    12 |    76 |       |       |       |       ||   108
       Javelin           |       |     2 |       |       |       |       |       |     9 |       ||    11
       Boomerang         |       |       |       |       |     9 |   163 |   116 |    42 |    74 ||   404
Invok: Berserk           |     1 |     2 |     8 |    11 |     3 |     2 |     5 |     2 |     1 ||    35
       Trog's Hand       |       |     2 |     2 |     5 |     3 |     2 |     6 |     8 |     2 ||    30
       Brothers in Arms  |       |       |       |       |     1 |       |     4 |     4 |     2 ||    11
 Abil: Evoke Blink       |       |       |       |       |       |       |       |       |     1 ||     1
Evoke: Tin of tremorston |       |       |       |       |     1 |     2 |       |     2 |     1 ||     6
       Phial of floods   |       |       |       |       |       |       |     2 |     2 |     1 ||     5
       Wand              |       |       |       |       |       |       |     3 |     2 |       ||     5
       Condenser vane    |       |       |       |       |       |       |     1 |     2 |       ||     3
  Use: Scroll            |       |       |    15 |     4 |    10 |     7 |     1 |     3 |       ||    40
       Potion            |       |       |       |     7 |     2 |     2 |       |     4 |     1 ||    16
 Stab: Distracted        |       |       |       |       |     4 |     8 |    10 |    13 |    19 ||    54
       Invisible         |       |       |       |       |       |       |       |       |     1 ||     1
Armor: Animal skin       |    14 |       |       |       |       |       |       |       |       ||    14
       Leather armour    |     5 |       |       |       |       |       |       |       |       ||     5
       Scale mail        |     4 |       |       |     9 |   193 |   166 |   264 |       |       ||   636
       Plate armour      |     3 |    90 |    64 |       |       |       |       |       |       ||   157
       Chain mail        |       |       |   136 |   150 |       |       |    13 |   360 |   215 ||   874
Dodge: Dodged            |    61 |    34 |   146 |   131 |   181 |   159 |   298 |   402 |   354 ||  1766
Block: Buckler           |       |       |    62 |    58 |       |       |       |       |       ||   120
       Rpst.: Falchion   |    20 |     9 |       |       |       |       |       |       |       ||    29
       Scimitar          |       |     3 |    44 |    16 |       |       |       |       |       ||    63

Table legend: (Time is in decaauts)
 A = Elapsed time spent in this place.
 B = Non-inter-level travel time spent in this place.
 C = Inter-level travel time spent in this place.
 D = Time resting spent in this place.
 E = Time spent auto-exploring this place.
 F = Levels seen in this place.
 G = Mean time per level.
                   A        B        C        D        E       F      G
               +--------+--------+--------+--------+--------+-----+--------+
         Total |  72383 |  65421 |   6962 |   7315 |  47951 |  50 | 1447.7 |
       Dungeon |  21485 |  18393 |   3092 |   2628 |  12945 |  15 | 1432.3 |
          Lair |   7859 |   6760 |   1099 |    442 |   5553 |   6 | 1309.8 |
         Swamp |   4362 |   4200 |    162 |    384 |   3220 |   4 | 1090.5 |
     Snake Pit |   7034 |   6721 |    313 |    561 |   5290 |   4 | 1758.5 |
    Slime Pits |    225 |    225 |      0 |     92 |      7 |   3 |   75.0 |
  Orcish Mines |   3212 |   2604 |    608 |    198 |   1827 |   2 | 1606.0 |
   Elven Halls |   6585 |   6054 |    531 |    936 |   4332 |   3 | 2195.0 |
        Vaults |  11541 |  10825 |    716 |    884 |   8054 |   5 | 2308.2 |
        Depths |   9006 |   8567 |    439 |    993 |   6296 |   5 | 1801.2 |
         Trove |     67 |     67 |      0 |      0 |      0 |   1 |   67.0 |
        Bailey |    415 |    415 |      0 |     80 |    120 |   1 |  415.0 |
      Ice Cave |    587 |    587 |      0 |    111 |    303 |   1 |  587.0 |
               +--------+--------+--------+--------+--------+-----+--------+

Top non-repeatable levels by time:
Vaults:5: 2869 daAuts
    D:11: 2838 daAuts
     D:9: 2749 daAuts
Vaults:3: 2593 daAuts
   Elf:3: 2526 daAuts
Vaults:2: 2494 daAuts
Depths:4: 2274 daAuts
 Snake:3: 2242 daAuts
   Elf:1: 2055 daAuts
   Elf:2: 2003 daAuts
Depths:1: 1959 daAuts
   Orc:2: 1954 daAuts
     D:6: 1894 daAuts
Vaults:1: 1893 daAuts
 Swamp:4: 1823 daAuts
